 Dungeon Crawl Stone Soup version 0.21.1-1-g345015f (webtiles) character file.

2806 inc the Dancer (level 9, -3/39 HPs)
             Began as a Felid Monk on Mar 3, 2018.
             Was a Believer of Uskayaw.
             Shot with an arrow by a centaur warrior (22 damage)
             ... on level 13 of the Dungeon.
             The game lasted 00:32:57 (15260 turns).

inc the Dancer (Felid Monk)                        Turns: 15260, Time: 00:32:58

Health: -3/39      AC:  2    Str: 14    XL:     9   Next: 44%
Magic:  19/19      EV: 26    Int: 11    God:    Uskayaw [**....]
Gold:   926        SH:  0    Dex: 20    Spells: 8/8 levels left
                                        Lives:  0   Deaths: 3

rFire    . . .     SeeInvis +     - Unarmed
rCold    . . .     Gourm    .   (shield unavailable)
rNeg     . . .     Faith    .   (armour unavailable)
rPois    .         Spirit   .   (helmet unavailable)
rElec    .         Reflect  .   (cloak unavailable)
rCorr    .         Harm     .   (gloves unavailable)
MR       +....                  (boots unavailable)
Stlth    +++++.....             (no amulet)
HPRegen  0.13/turn              e - +4 ring of slaying
MPRegen  0.16/turn              J - +4 ring of strength

@: quick
A: very small, no armour, no weapons or thrown items, stealth, claws 1, fangs 3,
see invisible, carnivore, speed 1, shaggy fur 2, slow metabolism 1, sharp paws
a: Stomp, Line Pass, Renounce Religion


You were on level 13 of the Dungeon.
You worshipped Uskayaw.
Uskayaw was pleased with you.
You were not hungry.

You visited 2 branches of the dungeon, and saw 14 of its levels.
You also visited: Ossuary.

You collected 926 gold pieces.

Inventory:

Jewellery
 e - a +4 ring of slaying (left paw)
 k - an uncursed ring of resist corrosion
 r - an uncursed ring of loudness
 t - a +4 ring of dexterity
 w - a +3 ring of dexterity
 G - a +5 ring of intelligence
 I - an uncursed ring of protection from cold
 J - a +4 ring of strength (right paw)
 K - an uncursed amulet of magic regeneration {unknown}
 P - an uncursed amulet of the gourmand
Wands
 n - a wand of acid (4)
 y - a wand of polymorph (31)
 D - a wand of paralysis (21)
 E - a wand of enslavement (17)
Scrolls
 c - 2 scrolls of amnesia
 f - 4 scrolls of fog
 i - 2 scrolls of immolation
 j - a scroll of teleportation
 l - a scroll of noise
 m - a scroll of enchant weapon {unknown}
 u - 4 scrolls of magic mapping {unknown}
 v - 9 scrolls of remove curse
 x - a scroll of random uselessness {unknown}
 A - 3 scrolls of enchant armour {unknown}
 B - a scroll of blinking {unknown}
 C - a scroll of fear {unknown}
 M - 2 scrolls of torment {unknown}
Potions
 b - a potion of haste
 d - a potion of agility
 g - 2 potions of lignification
 h - 3 potions of resistance
 o - 2 potions of invisibility
 p - a potion of ambrosia {unknown}
 q - 3 potions of cancellation
 s - 3 potions of curing
 z - a potion of flight {unknown}
 F - 2 potions of magic
 H - a potion of degeneration {unknown}
 O - a potion of brilliance {unknown}
Books
 L - a book of Flames

   Spells                             Type                      Level
   a - Flame Tongue                   Conjuration/Fire             1
   b - Throw Flame                    Conjuration/Fire             2
   c - Conjure Flame                  Conjuration/Fire             3
   d - Inner Flame                    Hexes/Fire                   3
   e - Sticky Flame                   Conjuration/Fire             4
   f - Fireball                       Conjuration/Fire             5
 N - a book of Maledictions

   Spells                             Type                      Level
   a - Corona                         Hexes                        1
   b - Ensorcelled Hibernation        Hexes/Ice                    2
   c - Confuse                        Hexes                        3
   d - Tukima's Dance                 Hexes                        3
   e - Dazzling Spray                 Conjuration/Hexes            3
Comestibles
 a - 30 rations


   Skills:
 + Level 4.2 Fighting
 - Level 9.3 Dodging
 - Level 10.1 Stealth
 - Level 11.3 Unarmed Combat
 - Level 12.3 Invocations


You had 8 spell levels left.
You didn't know any spells.

Dungeon Overview and Level Annotations

Branches:
Dungeon (13/15)            Temple (1/1) D:6            Lair (0/6) D:11
    Orc: D:9-12      Vaults: D:13-14

Altars:
Ashenzari
Cheibriados
Dithmenos
Elyvilon
Fedhas
Gozag
Hepliaklqana
Kikubaaqudgha
Makhleb
Nemelex Xobeh
Okawaru
Qazlal
Ru
Sif Muna
Trog
Uskayaw
Vehumet
Wu Jian
Xom
Yredelemnul
Zin
The Shining One

Shops:
D:4 (   D:7 (   D:8 [

Annotations:
D:2 1 runed door, Sigmund
D:3 1994's ghost, amateur HOFi
D:4 Mgcat's ghost, novice BaBe
D:8 derrymb's ghost, novice MiFi


Innate Abilities, Weirdness & Mutations

You cannot wear armour.
You are incapable of wielding weapons or throwing items.
Your paws allow you to move quietly. (Stealth)
You have sharp claws.
You have razor-sharp teeth.
You have supernaturally acute eyesight. (SInv)
You are carnivorous and can eat meat at any time.
You cover ground quickly.
You are covered in thick fur. (AC +2)
You have a slow metabolism.
Your sharp claws are effective at attacking unaware monsters.


Message History

You can now pass through a line of other dancers.
You barely miss the centaur warrior. Your bite misses the centaur warrior.
The centaur warrior is heavily wounded.
The black bear misses you. x2; The black bear completely misses you.
The centaur warrior misses you.
You claw the centaur warrior!
The centaur warrior is almost dead.
The centaur warrior closely misses you. The black bear misses you.
The black bear closely misses you. The black bear completely misses you.
You closely miss the centaur warrior.
The centaur warrior is almost dead.
The centaur warrior closely misses you. The vampire closely misses you.
The vampire bites you.
The vampire draws strength from your injuries!
The black bear bites you! The black bear misses you.
The black bear completely misses you.
The centaur warrior wields an uncursed shortbow of velocity.
The centaur warrior shoots an arrow.
The arrow hits you!!
Ouch! That really hurt!
You die...

###...#(.............
#####(.............
#...............
#...............
#......#........
####.....(#.....#
.......Vc.......#
########'######.#
#<...h@.....# ..
#...........# #
#...........#
#...........#
##########'###
..........#
.##.......##########
#.................
#.................


You could see a centaur warrior, a vampire (invisible) and a black bear.

Vanquished Creatures
  A hydra (D:11)
  4 two-headed ogres
  Nergalle (D:12)
  2 unseen horrors (D:12)
  The ghost of Phong the Archer, a novice CeHu (D:6)
  Pikel (D:7)
  An ugly thing (D:10)
  A manticore (D:11)
  A gargoyle (D:10)
  A troll (D:12)
  Grinder (D:5)
  3 slime creatures (D:12)
  A hippogriff (D:9)
  3 hogs (D:9)
  A human (D:9)
  A yak (D:9)
  A basilisk (D:11)
  A hungry ghost (D:10)
  2 water moccasins
  Duvessa (D:7)
  2 phantoms
  2 slaves (D:7)
  A hornet zombie (D:7)
  An eye of draining (D:11)
  An ice beast (D:5)
  2 orc warriors
  A necrophage (D:10)
  3 ogres
  4 centaurs
  2 elf zombies (Ossuary)
  A crocodile (D:12)
  2 big kobolds
  5 bullfrogs
  A water moccasin zombie (D:9)
  8 scorpions
  Dowan (D:7)
  5 howler monkeys
  9 wights
  6 crimson imps
  6 centaur zombies (Ossuary)
  4 hounds
  3 human zombies (Ossuary)
  A bullfrog skeleton (D:9)
  A bullfrog zombie (D:6)
  3 jellies
  8 orc priests
  10 orc wizards
  2 centaur skeletons
  Terence (D:3)
  Natasha (thrice) (D:3)
  4 iguanas
  9 worker ants
  2 hound skeletons
  3 mummies (Ossuary)
  Robin (D:3)
  3 gnolls (D:4)
  14 adders
  2 shadow imps (D:8)
  An ooze (D:2)
  3 adder zombies
  An adder skeleton (D:6)
  5 dart slugs
  6 leopard geckos
  31 orcs
  2 giant cockroaches
  17 goblins
  7 hobgoblins
  4 jackals
  11 kobolds
  4 quokkas
  2 ball pythons
  9 bats
  5 frilled lizards
  A goblin zombie (D:7)
  6 rats
  A rat zombie (D:7)
282 creatures vanquished.

Vanquished Creatures (others)
  A bush (D:11)
  2 fungi (D:11)
  5 plants (D:11)
8 creatures vanquished.

Grand Total: 290 creatures vanquished

Notes
Turn   | Place    | Note
-------+----------+-------------------------------------------
     0 | D:1      | inc the Felid Monk began the quest for the Orb.
     0 | D:1      | Reached XP level 1. HP: 10/10 MP: 2/2
   239 | D:1      | Reached XP level 2. HP: 6/14 MP: 3/3
   678 | D:1      | Reached XP level 3. HP: 12/17 MP: 4/4
   973 | D:2      | Noticed Sigmund
  1374 | D:3      | Noticed 1994's ghost (amateur HOFi)
  1397 | D:3      | Noticed a phantom
  1974 | D:2      | Reached skill level 5 in Unarmed Combat
  1974 | D:2      | Reached XP level 4. HP: 13/21 MP: 5/5
  2353 | D:2      | Found a runed door.
  2419 | D:3      | Reached skill level 5 in Dodging
  2426 | D:3      | Reached XP level 5. HP: 19/24 MP: 6/6
  2553 | D:3      | Noticed a centaur
  2565 | D:3      | Killed a centaur
  2651 | D:3      | Noticed Robin
  2685 | D:3      | Killed Robin
  2685 | D:3      | Gained mutation: You are covered in thick fur. (AC +2) [Felid growth]
  2685 | D:3      | Reached XP level 6. HP: 24/28 MP: 7/7
  2761 | D:3      | Noticed Terence
  2766 | D:3      | Killed Terence
  2767 | D:3      | Found a snail-covered altar of Cheibriados.
  2882 | D:3      | Noticed Natasha
  2908 | D:3      | Killed Natasha
  3425 | D:3      | Noticed Natasha
  3439 | D:3      | Killed Natasha
  3703 | D:3      | Noticed Natasha
  3712 | D:3      | Killed Natasha
  4105 | D:4      | Reached XP level 7. HP: 31/31 MP: 8/8
  4147 | D:4      | Noticed Mgcat's ghost (novice BaBe)
  4758 | D:4      | Reached skill level 5 in Stealth
  5015 | D:4      | Found Derhocull's Antique Weapon Shoppe.
  5614 | D:5      | Entered Level 5 of the Dungeon
  6032 | D:5      | Reached XP level 8. HP: 22/34 MP: 9/9
  6368 | D:5      | Noticed Grinder
  6374 | D:5      | Killed Grinder
  6411 | D:5      | Reached skill level 10 in Stealth
  6944 | D:6      | Noticed Phong's ghost (novice CeHu)
  6971 | D:6      | Found a staircase to the Ecumenical Temple.
  6978 | Temple   | Entered the Ecumenical Temple
  7099 | Temple   | Became a worshipper of Uskayaw the Reveler
  7099 | Temple   | Reached * piety under Uskayaw
  7467 | D:6      | Reached ** piety under Uskayaw
  7473 | D:6      | Reached *** piety under Uskayaw
  7477 | D:6      | Reached **** piety under Uskayaw
  7486 | D:6      | Reached ***** piety under Uskayaw
  7489 | D:6      | Reached skill level 1 in Invocations
  7541 | D:6      | Reached skill level 2 in Invocations
  7610 | D:6      | Reached XP level 9. HP: 33/37 MP: 11/11
  7658 | D:7      | Noticed Duvessa
  7658 | D:7      | Noticed Dowan
  7662 | D:7      | Killed Dowan
  7662 | D:7      | Reached skill level 3 in Invocations
  7713 | D:7      | Found Haefusia's Antique Weapon Shoppe.
  7930 | D:7      | Killed Duvessa
  7930 | D:7      | Reached skill level 4 in Invocations
  8059 | D:7      | Reached skill level 5 in Invocations
  8170 | D:7      | Noticed Pikel
  8215 | D:7      | Killed Pikel
  8215 | D:7      | Reached skill level 7 in Invocations
  8316 | D:7      | Found a sand-covered staircase.
  8323 | Ossuary  | Entered an ossuary
  8711 | Ossuary  | Reached skill level 8 in Invocations
  9427 | D:8      | Found Hiajo's Antique Armour Shop.
  9436 | D:8      | Noticed derrymb's ghost (novice MiFi)
  9792 | D:9      | Reached XP level 10. HP: 30/42 MP: 17/17
  9796 | D:9      | Reached skill level 9 in Invocations
 10958 | D:6      | Killed Phong's ghost
 10958 | D:6      | Reached skill level 10 in Invocations
 11600 | D:10     | Entered Level 10 of the Dungeon
 11673 | D:10     | Reached skill level 11 in Invocations
 11930 | D:10     | Noticed a red ugly thing
 11936 | D:10     | Killed a red ugly thing
 11938 | D:10     | Noticed a two-headed ogre
 11941 | D:10     | Killed a two-headed ogre
 11946 | D:10     | Reached skill level 12 in Invocations
 12532 | D:10     | Noticed a cyan ugly thing
 12539 | D:10     | Mangled by a cyan ugly thing
 12540 | D:10     | Reached XP level 9. HP: -6/37 MP: 19/19
 12629 | D:10     | Reached XP level 10. HP: 42/42 MP: 20/20
 12772 | D:10     | Noticed a gargoyle
 12831 | D:11     | Noticed a manticore
 12838 | D:11     | Killed a manticore
 13059 | D:11     | Noticed a seven-headed hydra
 13067 | D:11     | Killed a seven-headed hydra
 13294 | D:11     | Noticed an unseen horror
 13315 | D:11     | HP: 2/42 [orc wizard/magic dart (7)]
 13582 | D:10     | Killed a gargoyle
 14007 | D:11     | Found a staircase to the Lair.
 14102 | D:12     | Noticed an unseen horror
 14118 | D:12     | Killed an unseen horror
 14132 | D:12     | Noticed an unseen horror
 14134 | D:12     | Noticed a two-headed ogre
 14154 | D:12     | Killed an unseen horror
 14165 | D:12     | Killed a two-headed ogre
 14165 | D:12     | Reached skill level 10 in Unarmed Combat
 14370 | D:12     | Noticed Nergalle
 14375 | D:12     | Reached XP level 11. HP: 45/45 MP: 21/21
 14407 | D:12     | Killed Nergalle
 14681 | D:12     | Noticed a two-headed ogre
 14713 | D:12     | Killed a two-headed ogre
 14851 | D:12     | Noticed a two-headed ogre
 14851 | D:12     | Noticed a two-headed ogre
 14860 | D:12     | Slain by a two-headed ogre
 14861 | D:12     | Reached XP level 10. HP: -5/42 MP: 20/20
 14903 | D:12     | Killed a two-headed ogre
 15192 | D:13     | Noticed a centaur warrior
 15202 | D:13     | Shot with an arrow by a centaur warrior
 15203 | D:13     | Reached XP level 9. HP: -2/39 MP: 19/19
 15260 | D:13     | Shot with an arrow by a centaur warrior

Skill      XL: |  1  2  3  4  5  6  7  8  9 10 11 |
---------------+----------------------------------+-----
Unarmed Combat | 4 5 7 10 11 | 11.3
Dodging        | 5 7 9 |  9.3
Stealth        | 7 10 | 10.1
Invocations    | 2 8 12 | 12.3
Fighting       | 4 |  4.2

Action                   |  1- 3 |  4- 6 |  7- 9 | 10-12 || total
-------------------------+-------+-------+-------+-------++-------
Melee: Unarmed           |    87 |   141 |   373 |   311 ||   912
       Bite              |    16 |    12 |    54 |    54 ||   136
       Punch             |     1 |     5 |    13 |    23 ||    42
Invok: Line Pass         |       |       |       |     9 ||     9
  Use: Scroll            |     2 |     4 |     6 |     4 ||    16
       Potion            |     1 |       |     2 |     4 ||     7
 Stab: Sleeping          |     9 |     8 |    21 |    24 ||    62
       Paralysed         |       |       |     9 |    17 ||    26
       Confused          |       |       |       |     3 ||     3
  Eat: Chunk             |     5 |     5 |    10 |    13 ||    33
       Ration            |       |       |     1 |       ||     1
Armor: Skin              |    12 |     4 |     6 |     8 ||    30
Dodge: Dodged            |    81 |   120 |   303 |   291 ||   795
